 Dungeon Crawl Stone Soup version 0.31-a0-237-g2d982f9f85 (webtiles) character file.

Game seed: 3192868668049126329

128 Newt the Shooter (level 5, 0/35 HPs)
             Began as a Kobold Hunter on July 11, 2023.
             Succumbed to a scorpion's poison
             ... on level 3 of the Dungeon.
             The game lasted 00:01:47 (1751 turns).

Newt the Shooter (Kobold Hunter)                    Turns: 1751, Time: 00:01:48

Health: 0/35       AC:  7    Str:  9    XL:     5   Next: 34%
Magic:  5/5        EV: 14    Int: 10    God:
Gold:   135        SH:  0    Dex: 20    Spells: 4/4 levels left

rFire   . . .        a - +0 shortbow
rCold   . . .        (shield currently unavailable)
rNeg    . . .        c - +0 leather armour
rPois   .            (no helmet)
rElec   .            (no cloak)
rCorr   .            (no gloves)
SInv    .            (no boots)
Will    .....        (no amulet)
Stlth   +++          f - +4 ring of protection
HPRegen 0.25/turn    (no ring)
MPRegen 0.09/turn

%: no passive effects
@: lethally poisoned (0 -> -5), hasted, invisible, very quick
A: small, no large weapons, nightstalker 3
a: no special abilities


You were on level 3 of the Dungeon.
You visited 1 branch of the dungeon, and saw 3 of its levels.

You collected 135 gold pieces.

Inventory:

Hand Weapons
 a - a +0 shortbow (weapon)
Armour
 c - a +0 leather armour (worn)
Jewellery
 f - a +4 ring of protection (left hand)
Wands
 e - a wand of paralysis (10)
Potions
 d - a potion of might
 j - 2 potions of invisibility


   Skills:
 - Level 5.0 Fighting
 + Level 6.2 Ranged Weapons
 - Level 2.4 Dodging
 - Level 1.3 Stealth


You had 4 spell levels left.
You didn't know any spells.
Your spell library contained the following spells:

 Spells                   Type           Power      Damage    Failure   Level
 Blink                    Tloc           0%         N/A       63%         2
 Lesser Beckoning         Tloc           0%         N/A       63%         2
 Momentum Strike          Conj/Tloc      0%         3d8       63%         2


Dungeon Overview and Level Annotations

Branches:
Dungeon (3/15)

Altars:
Nemelex Xobeh

Annotations:
D:3 2 transporters


Innate Abilities, Weirdness & Mutations

You are small and have problems with some larger weapons.
You are completely attuned to the shadows.


Message History

You kill the scorpion!
* * * LOW HITPOINT WARNING * * *
You feel very sick.
Training target 5.0 for Fighting reached!
Your Fighting skill increases to level 5!
You need to enable at least one skill for training.
Your Ranged Weapons skill increases to level 6!
You have reached level 5!
You feel stronger.
There is a lethal amount of poison in your body!
There is a lethal amount of poison in your body!
There is a lethal amount of poison in your body!
There is a lethal amount of poison in your body!
There is a lethal amount of poison in your body!
There is a lethal amount of poison in your body!
There is a lethal amount of poison in your body!
Okay, then.
As you read the scroll of butterflies, it crumbles to dust.
You hear the flapping of tiny wings.
* * * LOW HITPOINT WARNING * * *
You feel sick.
Unknown command.
Okay, then.
There is a lethal amount of poison in your body!
There is a lethal amount of poison in your body!
You swap places.
* * * LOW HITPOINT WARNING * * *
You feel sick.
You see here a scorpion corpse.
* * * LOW HITPOINT WARNING * * *
You feel sick.
* * * LOW HITPOINT WARNING * * *
You feel sick.
* * * LOW HITPOINT WARNING * * *
You feel sick.
* * * LOW HITPOINT WARNING * * *
You feel sick.
* * * LOW HITPOINT WARNING * * *
You feel sick.
You die...

#. #.###### #..
...# ###.###.####
....@......#
#..#..bb.#†# #.
#.....#.#### #
##.$.##b.bbb
#...#bb#### ##bb##
#.)#... ..# #b..b#
#.##...##.###....#
#.#.....#..#.....#


There were no monsters in sight!

Vanquished Creatures
  A scorpion (D:3)
  4 adders
  8 ball pythons
  3 endoplasms
  2 giant cockroaches
  3 goblins (D:1)
  3 hobgoblins
  A quokka (D:3)
  A bat (D:1)
  3 frilled lizards
  4 kobolds
  6 rats
39 creatures vanquished.

Notes
Turn   | Place    | Note
-------+----------+-------------------------------------------
     0 | D:1      | Newt the Kobold Hunter began the quest for the Orb.
     0 | D:1      | Reached XP level 1. HP: 12/12 MP: 1/1
   134 | D:1      | Found a faded altar of an unknown god.
   160 | D:1      | Reached XP level 2. HP: 18/18 MP: 2/2
   672 | D:1      | Reached XP level 3. HP: 23/23 MP: 3/3
  1113 | D:2      | Reached XP level 4. HP: 30/30 MP: 4/4
  1132 | D:2      | Found a sparkling altar of Nemelex Xobeh.
  1586 | D:3      | Found a transporter.
  1665 | D:3      | Found a transporter.
  1729 | D:3      | Noticed a scorpion
  1741 | D:3      | HP: 1/30 [scorpion (2)]
  1743 | D:3      | Killed a scorpion
  1744 | D:3      | Reached skill level 5 in Fighting
  1744 | D:3      | Reached skill level 6 in Ranged Weapons
  1744 | D:3      | Reached XP level 5. HP: 11/35 MP: 5/5
  1750 | D:3      | HP: 1/35 [poisoned by a scorpion]
  1751 | D:3      | Succumbed to a scorpion's poison

Illustrated notes

Levels and vault maps discovered:
D:1:      dpeg_arrival_shrine, layout_basic,
          chequers_ecumenical_altar_simple_redux
D:2:      layout_basic, basic_altar
D:3:      gammafunk_wand_slinger, layout_basic, gammafunk_temple_overflow_arena,
          mainiacjoe_overflow_surrounded_room,
          nicolae_ru_great_annihilating_truth,
          nicolae_overflow_macrodata_refinement, minmay_unequal

Skill      XL: |  1  2  3  4 |
---------------+-------------+-----
Fighting       | 3 4 5 |  5.0
Ranged Weapons | 6 |  6.2
Dodging        | |  2.4
Stealth        | |  1.3

Action                     |  1- 3 |  4- 6 || total
---------------------------+-------+-------++-------
   Fire: Shortbow          |    73 |    28 ||   101
    Use: Scroll            |     3 |     2 ||     5
         Potion            |     1 |     3 ||     4
 Armour: Leather armour    |     9 |     6 ||    15
         Skin              |     3 |       ||     3
  Dodge: Dodged            |    31 |    11 ||    42

Table legend: (Time is in decaauts)
 A = Elapsed time spent in this place.
 B = Non-inter-level travel time spent in this place.
 C = Inter-level travel time spent in this place.
 D = Time resting spent in this place.
 E = Time spent auto-exploring this place.
 F = Levels seen in this place.
 G = Mean time per level.
                   A        B        C        D        E       F      G
               +--------+--------+--------+--------+--------+-----+--------+
         Total |   1767 |   1737 |     30 |    131 |   1391 |   3 |  589.0 |
       Dungeon |   1767 |   1737 |     30 |    131 |   1391 |   3 |  589.0 |
               +--------+--------+--------+--------+--------+-----+--------+

Top non-repeatable levels by time:
     D:2: 794 daAuts
     D:1: 782 daAuts
     D:3: 190 daAuts
